cohdb
Replays
Latest Replays
All Replays
Popular Replays
Top Player Replays
Match Explorer
How It Works
Community
CoH3 Stats
Reddit
Sign in to upload your games and track your stats! →
Sign in with Steam
Match 43675782
Unlisted
Match 43675782
Overview
Messages
Build Orders
End
Royal Engineer Section
Construct Section Command Post
Infantry Section
Dingo Light Scout Car
Infantry Section
Infantry Section
Construct Platoon Command Post
Selects Heavy Armor Battlegroup
Selects Light Vehicle Withdraw and Refit
Light Vehicle Withdraw and Refit
Humber Armored Car
Humber Armored Car
6-pounder Anti-tank Gun Team
Construct Field Infirmary
Humber Armored Car
Light Vehicle Withdraw and Refit
6-pounder Anti-tank Gun Team
Construct Company Command Post
Crusader II Medium Tank
Crusader II Medium Tank
Selects Engineer Detachments
Selects Forward Repair Assembly
Grenade Package
MotoBomb
STEVEBUSMILK
0
0
Comments
sign in to comment!
No comments posted yet!